 Dungeon Crawl Stone Soup version 0.29.1 (webtiles) character file.

Game seed: 16207313959140195767

74 wakxed the Digger (level 4, -1/31 HPs)
             Began as a Vampire Earth Elementalist on Sept 14, 2022.
             Slain by Terence
             ... wielding a +0 mace
              (3 damage)
             ... on level 2 of the Dungeon.
             The game lasted 00:09:40 (1689 turns).

wakxed the Digger (Vampire Earth Elementalist)      Turns: 1689, Time: 00:09:41

Health: -1/31      AC:  2    Str:  7    XL:     4   Next: 9%
Magic:  0/8        EV: 12    Int: 19    God:
Gold:   59         SH:  0    Dex: 14    Spells: 3/9 levels left

rFire   . . .      SeeInvis +   e - +0 short sword
rCold   . . .      Faith    .   (no shield)
rNeg    . . .      Spirit   +   a - +0 robe
rPois   .          Reflect  .   c - +0 hat
rElec   .          Harm     .   (no cloak)
rCorr   .          Rampage  .   (no gloves)
Will    .....                   (no boots)
Stlth   ++........              q - amulet of guardian spirit
HPRegen 0.30/turn               (no ring)
MPRegen 0.11/turn               (no ring)

@: healing quickly
A: alive, fangs 3, see invisible, vampiric 2
a: Exsanguinate


You were on level 2 of the Dungeon.
You visited 1 branch of the dungeon, and saw 2 of its levels.

You collected 59 gold pieces.

Inventory:

Hand Weapons
 e - a +0 short sword (weapon)
Armour
 a - a +0 robe (worn)
 c - a +0 hat (worn)
Magical Staves
 f - a staff of conjuration
Jewellery
 n - a ring of fire
 q - an amulet of guardian spirit (around neck)
Scrolls
 d - 2 scrolls of magic mapping {unknown}
 g - 2 scrolls of fear {unknown}
 i - 2 scrolls of teleportation {unknown}
 j - a scroll of silence {unknown}
Potions
 h - a potion of attraction {unknown}
 k - a potion of mutation {unknown}
 l - a potion of flight {unknown}
 m - a potion of haste {unknown}
 o - a potion of resistance {unknown}
 p - a potion of brilliance {unknown}


   Skills:
 - Level 0.4 Fighting
 - Level 2.4 Dodging
 - Level 3.0 Stealth
 * Level 3.1 Spellcasting
 + Level 0.5 Conjurations
 + Level 1.9 Transmutations
 + Level 3.4 Earth Magic


You had 3 spell levels left.
You knew the following spells:

 Your Spells              Type           Power      Damage    Failure   Level
a - Sandblast             Erth           30%        2d9       3%          1
b - Passwall              Tmut/Erth      10%        N/A       8%          2
c - Stone Arrow           Conj/Erth      20%        3d8       21%         3

Your spell library contained the following spells:

 Spells                   Type           Power      Damage    Failure   Level
 Call Canine Familiar     Summ           2%         N/A       41%         3
 Portal Projectile        Hex/Tloc       4%         N/A       41%         3
 Petrify                  Tmut/Erth      13%        N/A       45%         4
 Leda's Liquefaction      Hex/Erth       4%         N/A       58%         4


Dungeon Overview and Level Annotations

Branches:
Dungeon (2/15)

Altars:

Annotations:
D:2 Sigmund, Terence


Innate Abilities, Weirdness & Mutations

Your natural rate of healing is accelerated.
You have razor-sharp teeth.
You have supernaturally acute eyesight. (SInv)
You are afflicted with vampirism and can become a bat while bloodless.


Message History

e - a +0 short sword (weapon)
Terence hits you with a +0 mace.
You barely miss Terence.
Terence is heavily wounded.
Terence closely misses you.
You closely miss Terence.
Terence is heavily wounded.
Terence barely misses you.
You hit Terence but do no damage.
Terence is heavily wounded.
Terence hits you with a +0 mace.
You hit Terence but do no damage.
Terence is heavily wounded.
Terence hits you with a +0 mace!
You hit Terence.
Terence is heavily wounded.
Terence barely misses you.
You are too injured to fight recklessly!
Casting: Sandblast (safe; 3% risk of failure)
Confirm with . or Enter, or press ? or * to list all spells.
Aiming: Sandblast (safe; 3% risk of failure)
Press: ? - help, Shift-Dir - straight line, f/p - Terence
Aim: Terence, wielding a +0 mace and wearing a +0 chain mail (heavily wounded, 87% to hit)
The blast of sand hits Terence but does no damage.
Terence is heavily wounded.
Terence barely misses you. Terence hits you with a +0 mace.
* * * LOW HITPOINT WARNING * * *
Okay, then.
Okay, then.
Magic courses through your body. Terence hits you with a +0 mace!
* * * LOW HITPOINT WARNING * * *
Casting: Sandblast (safe; 3% risk of failure)
Confirm with . or Enter, or press ? or * to list all spells.
Aiming: Sandblast (safe; 3% risk of failure)
Press: ? - help, Shift-Dir - straight line, f/p - Terence
Aim: Terence, wielding a +0 mace and wearing a +0 chain mail (heavily wounded, 87% to hit)
The blast of sand hits Terence but does no damage.
Terence is heavily wounded.
Terence hits you with a +0 mace.
You die...

####### ##..#.# #
#..# ..........#
#..#####...$.....#
#................B
#.######..!......#
#.# #.>.....$K#
#.# #.........#
#.######......S..#
#...@@.......#
##############


You could see Terence.

Vanquished Creatures
  3 adders (D:2)
  A gnoll (D:1)
  2 dart slugs
  3 ball pythons
  3 endoplasms
  3 giant cockroaches
  4 hobgoblins (D:1)
  A frilled lizard (D:2)
  4 goblins
  3 kobolds (D:1)
  4 rats
31 creatures vanquished.

Notes
Turn   | Place    | Note
-------+----------+-------------------------------------------
     0 | D:1      | wakxed the Vampire Earth Elementalist began the quest for
                  | the Orb.
     0 | D:1      | Reached XP level 1. HP: 13/13 MP: 3/3
   404 | D:1      | Reached XP level 2. HP: 20/20 MP: 3/5
   428 | D:1      | Learned a level 2 spell: Passwall
   768 | D:1      | Gained mutation: You are afflicted with vampirism and can
                  | become a bat while bloodless. [Vampire growth]
   768 | D:1      | Reached XP level 3. HP: 25/25 MP: 5/7
   804 | D:1      | Learned a level 3 spell: Stone Arrow
  1126 | D:2      | Noticed Sigmund
  1543 | D:2      | Reached XP level 4. HP: 29/31 MP: 4/8
  1661 | D:2      | Noticed Terence
  1689 | D:2      | Slain by Terence

Illustrated notes

Levels and vault maps discovered:
D:1:      dpeg_arrival_lava_temple_mockup, layout_loops_cross
D:2:      layout_loops_ring, uniq_terence, uniq_sigmund

Skill      XL: |  1  2  3 |
---------------+----------+-----
Spellcasting   | 3 |  3.1
Fighting       | |  0.4
Dodging        | |  2.4
Stealth        | |  3.0
Conjurations   | |  0.5
Transmutations | |  1.9
Earth Magic    | |  3.4

Action                   |  1- 3 |  4- 6 || total
-------------------------+-------+-------++-------
Melee: Short sword       |       |     5 ||     5
 Cast: Sandblast         |    46 |    13 ||    59
  Use: Potion            |       |     1 ||     1
Dodge: Dodged            |     6 |     9 ||    15
